 Dungeon Crawl Stone Soup version 0.28-a0-1213-g0243856f03 (webtiles) character file.

Game seed: 6885081555349201851

84 oldriver the Magician (level 4, -1/32 HPs)
             Began as a Djinni Hedge Wizard on Dec 21, 2021.
             Killed by nerve-wracking pain
             ... invoked by Grinder
              (10 damage)
             ... on level 3 of the Dungeon.
             The game lasted 00:02:57 (3882 turns).

oldriver the Magician (Djinni Hedge Wizard)         Turns: 3882, Time: 00:02:57

Health: -1/32      AC:  5    Str:  9    XL:     4   Next: 74%
Gold:   72         EV: 12    Int: 17    God:
                   SH:  0    Dex: 13

rFire   + + .      SeeInvis .   q - +0 long sword (vorpal)
rCold   x . .      Faith    .   (no shield)
rNeg    . . .      Spirit   .   b - +0 robe
rPois   ∞          Reflect  .   i - +2 helmet
rElec   .          Harm     .   (no cloak)
rCorr   .          Rampage  .   (no gloves)
Will    .....                   (boots unavailable)
Stlth   ++........              (no amulet)
HPRegen 0.10/turn               (no ring)
MPRegen 0.00/turn               (no ring)

@: flying
A: sickness immunity, fire resistance 2, cold vulnerability 1, float, innate
caster, hp casting, extra vitality 1
a: no special abilities


You were on level 3 of the Dungeon.
You visited 1 branch of the dungeon, and saw 3 of its levels.

You collected 72 gold pieces.

Inventory:

Hand Weapons
 q - a +0 vorpal long sword (weapon)
Armour
 b - a +0 robe (worn)
 i - a +2 helmet (worn)
Scrolls
 e - a scroll of amnesia {unknown}
 f - 3 scrolls of teleportation {unknown}
 h - a scroll of magic mapping {unknown}
 l - a scroll of silence {unknown}
 n - a scroll of fog {unknown}
 o - 2 scrolls of identify {unknown}
 p - a scroll of noise {unknown}
Potions
 d - 2 potions of curing
 g - a potion of heal wounds {unknown}
 j - a potion of flight {unknown}
 k - 2 potions of lignification {unknown}
 m - a potion of berserk rage {unknown}


   Skills:
 * Level 1.1 Fighting
 + Level 2.5 Dodging
 - Level 1.5 Stealth
 * Level 3.7 Spellcasting


You couldn't memorise any spells.
You knew the following spells:

 Your Spells              Type           Power      Damage    Failure   Level
a - Magic Dart            Conj           60%        1d6       3%          1
b - Blink                 Tloc           30%        N/A       5%          2
c - Call Imp              Summ           15%        N/A       5%          2
d - Slow                  Hex            60%        N/A       3%          1
e - Conjure Flame         Conj/Fire      15%        6-21      11%         3
f - Mephitic Cloud        Conj/Pois/Air  15%        N/A       11%         3
g - Summon Small Mammal   Summ           60%        N/A       3%          1
Your spell library was empty.

Dungeon Overview and Level Annotations

Branches:
Dungeon (3/15)

Altars:

Annotations:
D:3 Grinder


Innate Abilities, Weirdness & Mutations

You are immune to sickness and miasma.
You are immune to poison.
Your flesh is very heat resistant. (rF++)
You are vulnerable to cold. (rC-)
You float through the air rather than walking.
You learn spells naturally, not from books.
Your magical power is your life essence.
You have superior vitality. (+4 MHP)


Message History

Aim: Grinder (lightly wounded, chance to affect: 51%) Grinder resists with significant effort.
Grinder misses you.
Casting: Slow (safe; 3% risk of failure)
Confirm with . or Enter, or press ? or * to list all spells.
Aiming: Slow (safe; 3% risk of failure)
Press: ? - help, Shift-Dir - straight line, f/p - Grinder
Aim: Grinder (lightly wounded, chance to affect: 51%) Grinder seems to slow down.
Grinder barely misses you.
You closely miss Grinder.
Grinder is lightly wounded.
Grinder hits you.
You writhe in agony.
You closely miss Grinder.
Grinder is lightly wounded.
Grinder gestures at you. You resist with significant effort.
You are too injured to fight recklessly!
Casting: Slow (safe; 3% risk of failure)
Confirm with . or Enter, or press ? or * to list all spells.
Aiming: Magic Dart (safe; 3% risk of failure)
Press: ? - help, Shift-Dir - straight line, f/p - Grinder
Aim: Grinder (lightly wounded, slow, 100% to hit)
The magic dart hits Grinder but does no damage.
Grinder is lightly wounded.
* * * LOW HITPOINT WARNING * * *
Grinder hits you but does no damage.
Unknown command.
Casting: Magic Dart (safe; 3% risk of failure)
Confirm with . or Enter, or press ? or * to list all spells.
Aiming: Magic Dart (safe; 3% risk of failure)
Press: ? - help, Shift-Dir - straight line, f/p - Grinder
Aim: Grinder (lightly wounded, slow, 100% to hit)
The magic dart hits Grinder.
Grinder is lightly wounded.
* * * LOW HITPOINT WARNING * * *
Grinder hits you but does no damage.
Grinder says, "Don't move a muscle."
Grinder gestures at you. Pain shoots through your body!
You die...

####.#### ###.#..
#.#### .....
#....s .....
###### ... #....
... #.### #.# ###
#.# #.# #.#.. #@#
#.# #.#.# #.# #.#
##.#.# #.# #.#
#..#.. #5# #.#
#..#.# #.# #.#
#..#.#
#.###.#######..#.#
#.................
#####.#######.####
#.............


You could see Grinder (slow).

Vanquished Creatures
  2 adders (D:2)
  A worm (D:3)
  3 dart slugs
  3 endoplasms
  5 giant cockroaches
  5 goblins
  3 hobgoblins
  4 jackals (D:2)
  6 kobolds
  3 quokkas
  4 ball pythons
  7 bats
  3 frilled lizards (D:1)
  7 rats
56 creatures vanquished.

Notes
Turn   | Place    | Note
-------+----------+-------------------------------------------
     0 | D:1      | oldriver the Djinni Hedge Wizard began the quest for the
                  | Orb.
     0 | D:1      | Reached XP level 1. HP: 15/15 MP: 0/0
   389 | D:1      | Reached XP level 2. HP: 17/21 MP: 0/0
  1218 | D:1      | Reached XP level 3. HP: 23/26 MP: 0/0
  1218 | D:1      | Learned a level 1 spell: Summon Small Mammal
  1257 | D:1      | Reached skill level 3 in Spellcasting
  1597 | D:2      | Found a faded altar of an unknown god.
  2197 | D:2      | Reached skill level 1 in Fighting
  2197 | D:2      | Reached XP level 4. HP: 28/32 MP: 0/0
  3303 | D:3      | Noticed a scorpion
  3866 | D:3      | Noticed Grinder
  3882 | D:3      | Killed from afar by Grinder

Illustrated notes

Levels and vault maps discovered:
D:1:      dpeg_arrival_tiny_j, layout_loops_ring
D:2:      layout_loops_ring, dreamdust_ecumenical_altar_angels_and_demons
D:3:      layout_basic, uniq_grinder

Skill      XL: |  1  2  3 |
---------------+----------+-----
Spellcasting   | 3 |  3.7
Fighting       | 1 |  1.1
Dodging        | |  2.5
Stealth        | |  1.5

Action                   |  1- 3 |  4- 6 || total
-------------------------+-------+-------++-------
Melee: Dagger            |     3 |     4 ||     7
       Long sword        |       |     4 ||     4
 Cast: Magic Dart        |    96 |    68 ||   164
       Slow              |       |     6 ||     6
  Use: Potion            |       |     1 ||     1
Armor: Robe              |     3 |    14 ||    17
Dodge: Dodged            |    13 |    20 ||    33

Table legend: (Time is in decaauts)
 A = Elapsed time spent in this place.
 B = Non-inter-level travel time spent in this place.
 C = Inter-level travel time spent in this place.
 D = Time resting spent in this place.
 E = Time spent auto-exploring this place.
 F = Levels seen in this place.
 G = Mean time per level.
                   A        B        C        D        E       F      G
               +--------+--------+--------+--------+--------+-----+--------+
         Total |   3883 |   3767 |    116 |    193 |   3196 |   3 | 1294.3 |
       Dungeon |   3883 |   3767 |    116 |    193 |   3196 |   3 | 1294.3 |
               +--------+--------+--------+--------+--------+-----+--------+

Top non-repeatable levels by time:
     D:2: 1659 daAuts
     D:1: 1383 daAuts
     D:3: 841 daAuts
